General information
- name: BNet
- type: Ladder team game (AT/RT)
- host: Battle.net
- saver: RingOfFire
map: GolemsInTheMist
- players: 8
- length: 47:23
- speed: Fast
- version: 1.26 W3XP
- replay type: Public
» download(326 KB)
Players
team 1 (winner)
ICouldOwnYou (
teal | 60 APM | 2419 actions | 40:00)
6 Blood Mage
3 Flame Strike
2 Siphon Mana
1 Summon Phoenix
4 Paladin
2 Divine Shield
2 Holy Light
» actions
| Basic commands | 96 | |
| Build / train | 147 | |
| Enter build submenu | 32 | |
| Enter hero's abilities submenu | 10 | |
| Remove unit from queue | 7 | |
| Right click | 1138 | |
| Select / deselect | 847 | |
| Use ability | 142 | |
2419 total
» units
| Peasant | 20 | |
| Footman | 6 | |
| Rifleman | 5 | |
| Sorceress | 7 | |
| Priest | 3 | |
| Mortar Team | 3 | |
| Siege Engine | 2 | |
| Dragonhawk Rider | 5 | |
| Gryphon Rider | 4 | |
| Flying Machine | 41 | |
96 total
» upgrades
| Masonry | 1 | |
| Long Rifles | 1 | |
| Gunpowder | 3 | |
| Sorceress Training | 2 | |
| Armor | 1 | |
| Lumber Harvesting | 2 | |
| Priest Training | 2 | |
| Fragmentation Shards | 1 | |
| Flare | 1 | |
| Storm Hammers | 1 | |
| Barrage | 1 | |
| Flak Cannons | 1 | |
| Flying Machine Bombs | 1 | |
| Plating | 3 | |
21 total
» buildings
| Altar of Kings | 1 | |
| Farm | 11 | |
| Barracks | 1 | |
| Lumber Mill | 1 | |
| Scout Tower | 5 | |
| Arcane Tower | 1 | |
| Town Hall | 4 | |
| Keep | 1 | |
| Guard Tower | 2 | |
| Arcane Vault | 1 | |
| Blacksmith | 1 | |
| Arcane Sanctum | 2 | |
| Castle | 1 | |
| Workshop | 4 | |
| Gryphon Aviary | 1 | |
37 total
» build order
00:08 Altar of Kings
00:13 Farm
00:51 Farm
01:06 Barracks
01:25 Farm
02:24 Lumber Mill
02:44 Scout Tower
02:51 Farm
03:12 Arcane Tower
04:02 Town Hall
04:14 Farm
04:17 Scout Tower
04:36 Keep
05:25 Guard Tower
05:27 Scout Tower
05:36 Arcane Vault
05:44 Blacksmith
07:27 Town Hall
07:36 Farm
07:38 Scout Tower
07:49 Arcane Sanctum
07:51 Arcane Sanctum
08:29 Guard Tower
08:32 Scout Tower
10:53 Castle
12:14 Workshop
12:18 Workshop
12:21 Gryphon Aviary
12:28 Farm
12:29 Farm
14:31 Farm
14:32 Farm
15:51 Farm
24:54 Workshop
24:58 Workshop
28:21 Town Hall
28:32 Town Hall
» items
| Scroll of Town Portal | 3 | |
| Lesser Clarity Potion | 1 | |
| Potion of Healing | 1 | |
5 total
Blade_Knight (
red | 29 APM | 1202 actions | 40:53)
5 Mountain King
3 Storm Bolt
2 Bash
» actions
| Assign group hotkey | 23 | |
| Basic commands | 52 | |
| Build / train | 64 | |
| Enter build submenu | 22 | |
| Enter hero's abilities submenu | 5 | |
| Right click | 443 | |
| Select / deselect | 330 | |
| Select group hotkey | 212 | |
| Use ability | 51 | |
1202 total
» units
| Peasant | 9 | |
| Rifleman | 21 | |
| Mortar Team | 11 | |
41 total
» upgrades
| Gunpowder | 3 | |
| Armor | 2 | |
| Masonry | 1 | |
| Long Rifles | 1 | |
| Flare | 1 | |
| Lumber Harvesting | 1 | |
| Fragmentation Shards | 1 | |
10 total
» buildings
| Altar of Kings | 1 | |
| Farm | 13 | |
| Barracks | 1 | |
| Blacksmith | 1 | |
| Scout Tower | 2 | |
| Arcane Tower | 2 | |
| Arcane Vault | 1 | |
| Keep | 1 | |
| Lumber Mill | 1 | |
| Workshop | 1 | |
| Castle | 1 | |
| Town Hall | 1 | |
26 total
» build order
00:40 Altar of Kings
00:45 Farm
00:58 Barracks
01:04 Blacksmith
01:28 Farm
01:47 Scout Tower
02:18 Arcane Tower
02:26 Arcane Vault
03:02 Farm
04:11 Keep
04:39 Lumber Mill
05:04 Farm
05:08 Scout Tower
06:16 Farm
06:18 Arcane Tower
06:55 Workshop
07:13 Castle
08:31 Farm
09:36 Farm
12:42 Farm
13:57 Farm
14:52 Farm
14:54 Farm
18:50 Farm
18:51 Farm
26:14 Town Hall
» items
| Scroll of Regeneration | 1 | |
| Lesser Clarity Potion | 1 | |
| Scroll of Town Portal | 1 | |
3 total
mtldemolition (
blue | 26 APM | 1138 actions | 43:19)
5 Archmage
1 Blizzard
3 Brilliance Aura
1 Summon Water Elemental
3 Paladin
1 Divine Shield
1 Holy Light
1 Devotion Aura
» actions
| Build / train | 75 | |
| Enter build submenu | 26 | |
| Enter hero's abilities submenu | 9 | |
| Remove unit from queue | 3 | |
| Right click | 552 | |
| Select / deselect | 373 | |
| Use ability | 100 | |
1138 total
» units
| Peasant | 8 | |
| Footman | 5 | |
| Rifleman | 8 | |
| Knight | 4 | |
| Siege Engine | 8 | |
33 total
» upgrades
» buildings
| Farm | 8 | |
| Altar of Kings | 1 | |
| Barracks | 2 | |
| Scout Tower | 9 | |
| Arcane Tower | 3 | |
| Blacksmith | 1 | |
| Lumber Mill | 2 | |
| Arcane Vault | 1 | |
| Keep | 1 | |
| Guard Tower | 6 | |
| Castle | 1 | |
| Workshop | 1 | |
36 total
» build order
00:10 Farm
00:14 Altar of Kings
00:29 Barracks
01:14 Scout Tower
01:46 Farm
01:55 Arcane Tower
02:17 Farm
02:24 Blacksmith
02:43 Lumber Mill
02:58 Arcane Vault
03:04 Scout Tower
03:46 Arcane Tower
05:01 Farm
05:10 Keep
05:43 Scout Tower
06:03 Lumber Mill
06:12 Arcane Tower
06:27 Barracks
09:04 Scout Tower
09:37 Guard Tower
09:45 Farm
10:27 Castle
13:14 Workshop
14:08 Farm
16:50 Farm
19:20 Scout Tower
19:53 Guard Tower
19:56 Scout Tower
20:12 Scout Tower
20:26 Guard Tower
20:29 Scout Tower
20:48 Guard Tower
20:51 Scout Tower
21:27 Guard Tower
22:14 Guard Tower
38:53 Farm
» items
| Scroll of Regeneration | 4 | |
| Potion of Healing | 3 | |
| Scroll of Town Portal | 3 | |
| Potion of Mana | 1 | |
11 total
RingOfFire (
orange | 97 APM | 4592 actions | 47:23)
7 Blood Mage
3 Flame Strike
2 Siphon Mana
1 Summon Phoenix
1 Banish
» actions
| Assign group hotkey | 228 | |
| Basic commands | 168 | |
| Build / train | 113 | |
| Enter build submenu | 63 | |
| Enter hero's abilities submenu | 7 | |
| Give item / drop item | 4 | |
| Remove unit from queue | 6 | |
| Right click | 1303 | |
| Select / deselect | 526 | |
| Select group hotkey | 1936 | |
| Use ability | 238 | |
4592 total
» units
| Peasant | 14 | |
| Footman | 11 | |
| Goblin Shredder | 2 | |
| Sorceress | 2 | |
| Gryphon Rider | 3 | |
| Goblin Sapper | 4 | |
36 total
» upgrades
| Masonry | 3 | |
| Sorceress Training | 1 | |
| Lumber Harvesting | 0 | |
| Swords | 3 | |
| Animal War Training | 1 | |
| Armor | 3 | |
| Storm Hammers | 1 | |
| Cloud | 1 | |
| Magic Sentry | 1 | |
14 total
» buildings
| Altar of Kings | 1 | |
| Barracks | 1 | |
| Farm | 12 | |
| Arcane Vault | 2 | |
| Keep | 1 | |
| Lumber Mill | 2 | |
| Arcane Sanctum | 1 | |
| Town Hall | 4 | |
| Scout Tower | 62 | |
| Guard Tower | 16 | |
| Castle | 1 | |
| Gryphon Aviary | 6 | |
| Blacksmith | 2 | |
111 total
» build order
00:47 Altar of Kings
00:49 Barracks
01:00 Farm
01:03 Farm
01:06 Farm
01:06 Farm
01:33 Farm
01:33 Farm
02:53 Arcane Vault
03:08 Farm
03:38 Keep
04:27 Farm
04:30 Lumber Mill
06:04 Arcane Sanctum
06:43 Town Hall
06:48 Scout Tower
06:55 Scout Tower
07:10 Scout Tower
07:27 Guard Tower
08:14 Guard Tower
08:16 Castle
08:17 Gryphon Aviary
08:18 Gryphon Aviary
08:19 Gryphon Aviary
08:22 Blacksmith
08:54 Scout Tower
08:55 Scout Tower
08:55 Scout Tower
08:56 Scout Tower
09:37 Guard Tower
09:44 Scout Tower
09:45 Scout Tower
09:45 Scout Tower
09:46 Scout Tower
09:46 Scout Tower
09:47 Scout Tower
09:57 Blacksmith
10:05 Guard Tower
10:30 Guard Tower
11:30 Guard Tower
12:15 Scout Tower
12:16 Scout Tower
12:17 Scout Tower
12:22 Town Hall
12:29 Scout Tower
12:30 Scout Tower
12:31 Scout Tower
12:33 Scout Tower
12:36 Scout Tower
12:36 Scout Tower
12:37 Scout Tower
12:37 Scout Tower
12:38 Scout Tower
12:38 Scout Tower
12:53 Guard Tower
13:59 Guard Tower
14:28 Lumber Mill
14:31 Guard Tower
15:15 Guard Tower
16:40 Scout Tower
16:40 Scout Tower
19:36 Scout Tower
19:36 Scout Tower
19:37 Scout Tower
19:38 Scout Tower
19:39 Scout Tower
19:40 Scout Tower
19:41 Scout Tower
19:43 Scout Tower
20:10 Guard Tower
21:38 Guard Tower
22:09 Scout Tower
22:14 Town Hall
22:17 Scout Tower
22:17 Scout Tower
22:17 Scout Tower
22:18 Scout Tower
22:19 Scout Tower
22:19 Scout Tower
22:19 Scout Tower
22:20 Scout Tower
22:21 Scout Tower
22:21 Scout Tower
22:22 Scout Tower
22:23 Scout Tower
22:26 Scout Tower
23:27 Guard Tower
23:34 Gryphon Aviary
23:34 Gryphon Aviary
23:37 Gryphon Aviary
23:50 Farm
23:53 Farm
23:55 Farm
23:59 Farm
25:02 Guard Tower
25:54 Scout Tower
25:55 Scout Tower
25:56 Scout Tower
25:56 Scout Tower
25:57 Scout Tower
25:57 Scout Tower
25:58 Scout Tower
25:59 Scout Tower
26:00 Scout Tower
26:01 Scout Tower
26:01 Scout Tower
26:02 Scout Tower
28:42 Guard Tower
29:50 Guard Tower
31:34 Town Hall
34:06 Arcane Vault
» items
| Scroll of Regeneration | 10 | |
| Scroll of Town Portal | 6 | |
| Potion of Healing | 6 | |
| Potion of Mana | 5 | |
| Lesser Clarity Potion | 3 | |
30 total
team 2 (loser)

»
CrazyAttack (
pink | 107 APM | 2720 actions | 25:22)
5 Warden
3 Shadow Strike
2 Fan of Knives
» actions
| Assign group hotkey | 137 | |
| Basic commands | 100 | |
| Build / train | 61 | |
| Enter build submenu | 13 | |
| Enter hero's abilities submenu | 5 | |
| Remove unit from queue | 1 | |
| Right click | 1463 | |
| Select / deselect | 315 | |
| Select group hotkey | 560 | |
| Use ability | 65 | |
2720 total
» units
| Wisp | 12 | |
| Huntress | 15 | |
| Mountain Giant | 5 | |
32 total
» upgrades
| Strength of the Moon | 1 | |
| Upgrade Moon Glaive | 1 | |
| Moon Armor | 1 | |
| Well Spring | 1 | |
| Strength of the Wild | 1 | |
| Resistant Skin | 1 | |
| Reinforced Hides | 1 | |
| Hardened Skin | 1 | |
8 total
» buildings
| Altar of Elders | 1 | |
| Moon Well | 5 | |
| Hunter's Hall | 1 | |
| Ancient of War | 2 | |
| Tree of Ages | 1 | |
| Ancient of Wonders | 1 | |
| Tree of Eternity | 1 | |
| Ancient of Lore | 2 | |
14 total
» build order
00:09 Altar of Elders
00:19 Moon Well
01:39 Hunter's Hall
01:43 Ancient of War
02:03 Ancient of War
02:23 Moon Well
04:03 Tree of Ages
04:09 Moon Well
04:51 Ancient of Wonders
06:30 Moon Well
06:48 Tree of Eternity
14:00 Ancient of Lore
14:04 Ancient of Lore
19:33 Moon Well
» items
| Potion of Healing | 3 | |
| Orb of Venom | 1 | |
| Lesser Clarity Potion | 5 | |
| Scroll of Town Portal | 1 | |
| Potion of Mana | 1 | |
| Healing Salve | 1 | |
12 total
YouWIllLoseAll (
green | 29 APM | 1358 actions | 47:23)
5 Blademaster
2 Wind Walk
3 Critical Strike
» actions
| Assign group hotkey | 1 | |
| Basic commands | 1 | |
| Build / train | 57 | |
| Enter build submenu | 22 | |
| Enter hero's abilities submenu | 5 | |
| Remove unit from queue | 1 | |
| Right click | 892 | |
| Select / deselect | 300 | |
| Select group hotkey | 2 | |
| Use ability | 77 | |
1358 total
» units
| Peon | 19 | |
| Grunt | 5 | |
| Raider | 9 | |
| Wind Rider | 2 | |
| Troll Batrider | 3 | |
38 total
» upgrades
| Melee Weapons | 2 | |
| Pillage | 1 | |
| Ensnare | 1 | |
| Armor | 2 | |
6 total
» buildings
| Altar of Storms | 1 | |
| Orc Burrow | 14 | |
| Barracks | 1 | |
| Stronghold | 1 | |
| War Mill | 1 | |
| Beastiary | 4 | |
| Voodoo Lounge | 1 | |
| Fortress | 1 | |
24 total
» build order
00:06 Altar of Storms
00:10 Orc Burrow
00:52 Barracks
02:25 Orc Burrow
03:15 Orc Burrow
03:55 Stronghold
05:13 Orc Burrow
05:32 War Mill
06:23 Beastiary
06:24 Beastiary
09:50 Orc Burrow
09:51 Orc Burrow
09:52 Orc Burrow
12:03 Orc Burrow
12:03 Orc Burrow
12:06 Orc Burrow
12:14 Voodoo Lounge
12:49 Fortress
14:42 Orc Burrow
16:38 Orc Burrow
19:48 Orc Burrow
26:00 Beastiary
26:01 Beastiary
26:34 Orc Burrow
» items
| Healing Salve | 1 | |
| Scroll of Town Portal | 2 | |
3 total

»
ComeAliveAtNite (
yellow | 53 APM | 2292 actions | 42:52)
7 Shadow Hunter
3 Hex
3 Serpent Ward
1 Big Bad Voodoo
» actions
| Assign group hotkey | 25 | |
| Build / train | 72 | |
| Enter build submenu | 21 | |
| Enter hero's abilities submenu | 8 | |
| Give item / drop item | 1 | |
| Remove unit from queue | 1 | |
| Right click | 1149 | |
| Select / deselect | 297 | |
| Select group hotkey | 630 | |
| Use ability | 88 | |
2292 total
» units
| Peon | 11 | |
| Troll Headhunter/Berserker | 17 | |
| Wind Rider | 5 | |
| Shaman | 6 | |
| Troll Witch Doctor | 3 | |
42 total
» upgrades
| Spiked Barricades | 0 | |
| Ranged Weapons | 3 | |
| Armor | 3 | |
| Troll Regeneration | 1 | |
| Berserker Upgrade | 1 | |
| Witch Doctor Training | 2 | |
| Shaman Training | 2 | |
12 total
» buildings
| Orc Burrow | 9 | |
| Altar of Storms | 1 | |
| Barracks | 2 | |
| Voodoo Lounge | 1 | |
| War Mill | 1 | |
| Watch Tower | 4 | |
| Stronghold | 1 | |
| Fortress | 1 | |
| Spirit Lodge | 2 | |
| Beastiary | 1 | |
23 total
» build order
00:34 Orc Burrow
00:48 Altar of Storms
01:18 Barracks
01:35 Orc Burrow
01:59 Voodoo Lounge
02:17 War Mill
02:37 Orc Burrow
04:45 Orc Burrow
05:41 Watch Tower
05:42 Watch Tower
05:47 Watch Tower
06:23 Watch Tower
06:54 Stronghold
08:46 Orc Burrow
11:34 Fortress
11:37 Barracks
11:42 Orc Burrow
12:46 Spirit Lodge
12:47 Spirit Lodge
14:11 Beastiary
15:32 Orc Burrow
19:57 Orc Burrow
30:31 Orc Burrow
» items
| Lesser Clarity Potion | 1 | |
| Healing Salve | 2 | |
| Scroll of Speed | 1 | |
| Scroll of Town Portal | 2 | |
| Potion of Healing | 1 | |
7 total
DrPhiI (
purple | 90 APM | 4243 actions | 47:23)
6 Death Knight
3 Death Coil
3 Unholy Aura
5 Lich
2 Frost Nova
3 Frost Armor
» actions
| Assign group hotkey | 49 | |
| Basic commands | 104 | |
| Build / train | 178 | |
| ESC pressed | 2 | |
| Enter build submenu | 49 | |
| Enter hero's abilities submenu | 12 | |
| Give item / drop item | 4 | |
| Remove unit from queue | 1 | |
| Right click | 2206 | |
| Select / deselect | 630 | |
| Select group hotkey | 742 | |
| Use ability | 266 | |
4243 total
» units
| Acolyte | 24 | |
| Ghoul | 6 | |
| Crypt Fiend | 6 | |
| Goblin Shredder | 3 | |
| Goblin Zeppelin | 2 | |
| Goblin Sapper | 3 | |
| Obsidian Statue | 6 | |
| Abomination | 2 | |
| Frost Wyrm | 9 | |
61 total
» upgrades
| Creature Attack | 3 | |
| Web | 1 | |
| Creature Carapace | 3 | |
| Burrow | 1 | |
| Destroyer Form | 1 | |
| Ghoul Frenzy | 1 | |
| Unholy Armor | 3 | |
| Disease Cloud | 1 | |
| Freezing Breath | 1 | |
| Unholy Strength | 3 | |
| Exhume Corpses | 1 | |
| Backpack | 1 | |
| Necromancer Training | 2 | |
| Banshee Training | 2 | |
| Skeletal Mastery | 1 | |
| Skeletal Longevity | 1 | |
26 total
» buildings
| Altar of Darkness | 1 | |
| Ziggurat | 26 | |
| Crypt | 1 | |
| Graveyard | 1 | |
| Tomb of Relics | 1 | |
| Nerubian Tower | 5 | |
| Halls of the Dead | 3 | |
| Necropolis | 2 | |
| Spirit Tower | 35 | |
| Black Citadel | 2 | |
| Slaughterhouse | 1 | |
| Sacrificial Pit | 1 | |
| Boneyard | 3 | |
| Temple of the Damned | 2 | |
84 total
» build order
00:07 Altar of Darkness
00:09 Ziggurat
00:33 Crypt
00:56 Graveyard
01:11 Tomb of Relics
01:39 Ziggurat
01:51 Nerubian Tower
03:40 Ziggurat
05:28 Halls of the Dead
06:28 Ziggurat
06:30 Ziggurat
06:50 Ziggurat
06:52 Ziggurat
06:53 Ziggurat
07:08 Necropolis
08:23 Nerubian Tower
08:23 Spirit Tower
08:24 Spirit Tower
10:23 Black Citadel
12:14 Slaughterhouse
12:19 Sacrificial Pit
12:27 Ziggurat
14:16 Spirit Tower
14:16 Spirit Tower
14:45 Ziggurat
14:49 Ziggurat
15:05 Ziggurat
16:01 Spirit Tower
16:02 Spirit Tower
16:03 Spirit Tower
16:03 Spirit Tower
16:03 Spirit Tower
16:04 Spirit Tower
17:41 Ziggurat
17:43 Ziggurat
17:47 Ziggurat
18:59 Spirit Tower
18:59 Spirit Tower
19:30 Spirit Tower
19:31 Spirit Tower
19:49 Necropolis
19:51 Ziggurat
19:57 Ziggurat
20:01 Ziggurat
20:03 Ziggurat
20:11 Ziggurat
20:44 Spirit Tower
20:45 Spirit Tower
21:03 Spirit Tower
21:07 Nerubian Tower
21:07 Nerubian Tower
23:07 Boneyard
23:08 Boneyard
23:11 Boneyard
23:26 Spirit Tower
23:26 Spirit Tower
24:46 Ziggurat
25:04 Ziggurat
25:40 Spirit Tower
25:41 Spirit Tower
25:41 Spirit Tower
25:54 Spirit Tower
25:55 Spirit Tower
25:55 Spirit Tower
30:42 Ziggurat
30:46 Ziggurat
30:48 Ziggurat
30:50 Ziggurat
31:55 Spirit Tower
40:10 Halls of the Dead
42:56 Temple of the Damned
42:58 Temple of the Damned
» items
| Rod of Necromancy | 3 | |
| Dust of Appearance | 1 | |
| Sacrificial Skull | 2 | |
| Scroll of Town Portal | 6 | |
| Potion of Healing | 6 | |
| Orb of Corruption | 1 | |
| Orb of Lightning | 1 | |
| Tiny Great Hall | 1 | |
| Scroll of Speed | 1 | |
| Scroll of Healing | 1 | |
23 total
Chat log
(00:16 / All) RingOfFire: I want you to start living life as a homosexual woman
(00:17 / Allies) ICouldOwnYou: mass footman all ?
(00:23 / All) DrPhiI: GET OFF OF MY SHOW!
(00:24 / Allies) Blade_Knight: rifle mort mk
(00:29 / All) ComeAliveAtNite: i like it
(00:36 / All) RingOfFire: I want you to stop being mad at me and start loving me again
(00:41 / All) ComeAliveAtNite: all women should get tht advice
(00:55 / All) RingOfFire: get over it!
(01:18 / 9) DrPhiI: bot right inside
(01:29 / All) ComeAliveAtNite: a bald dr. thats that shit i don like
(02:25 / 9) DrPhiI: my team is orc ne orc
(03:46 / All) ComeAliveAtNite: such a fail u r blue
(03:56 / All) CrazyAttack: rofl
(04:29 / All) Blade_Knight: :)
(04:37 / All) ComeAliveAtNite: that was a fail as wel...
(04:38 / All) mtldemolition: oup
(04:48 / Allies) Blade_Knight: redemed you blue
(05:04 / Allies) mtldemolition: yeah
(05:17 / Allies) ICouldOwnYou: go to expand ?
(05:17 / All) ICouldOwnYou: :D
(05:20 / Allies) Blade_Knight: lol
(06:16 / 9) DrPhiI: we hitting bot left I think
(06:19 / 9) DrPhiI: I'm expoing mid right
(06:38 / Allies) ICouldOwnYou: xd
(08:07 / Allies) ICouldOwnYou: MOVE
(08:46 / Allies) ICouldOwnYou: :'D
(08:47 / Allies) Blade_Knight: nice
(09:08 / All) ComeAliveAtNite: killin b easy
(13:14 / Allies) Blade_Knight: they know u there oj
(13:18 / Allies) ICouldOwnYou: xd
(13:20 / Allies) RingOfFire: mao hackj
(13:26 / Allies) Blade_Knight: yup
(13:28 / All) RingOfFire: map hack lawl
(13:45 / All) RingOfFire: really obvious pink LOL
(13:48 / All) RingOfFire: he was follwing my hero
(15:01 / All) RingOfFire: OH YEAH
(15:06 / All) RingOfFire: PINK IS A MH
(15:08 / All) RingOfFire: I REMEMBER HIM
(15:30 / All) RingOfFire: you're fucking terrible buddy
(15:38 / All) RingOfFire: you make retard decisions considerin you know exactly what wer are doiung
(17:19 / Allies) RingOfFire: gonna put a sorc in his base watch what he does
(17:22 / 9) DrPhiI: taking mid bot expo
(17:24 / 9) DrPhiI: don't scout it
(17:56 / 9) DrPhiI: maybe not sure
(18:30 / 9) DrPhiI: not sure wasn't paying attention
(18:40 / Allies) Blade_Knight: counter
(18:54 / Allies) ICouldOwnYou: thx u
(19:23 / Allies) Blade_Knight: spend money oj! lol
(19:33 / Allies) Blade_Knight: get units
(19:54 / Allies) RingOfFire: getting towers for you teal
(20:01 / Allies) RingOfFire: along the farms
(20:02 / Allies) ICouldOwnYou: thank
(20:08 / Allies) Blade_Knight: get units oj, you don't have many
(20:22 / Allies) Blade_Knight: gogogo
(22:34 / Allies) ICouldOwnYou: xd
(22:45 / 9) DrPhiI: was that banish bolt?
(22:46 / Allies) ICouldOwnYou: HEAL MY PALA
(22:52 / Allies) ICouldOwnYou: grr
(22:53 / Allies) Blade_Knight: out for now
(23:06 / Allies) Blade_Knight: orange we need units man!
(23:10 / Allies) Blade_Knight: you got 8k gold
(23:14 / Allies) RingOfFire: we won
(23:18 / Allies) RingOfFire: ill get dhawks
(24:04 / Allies) Blade_Knight: can i get 200 for a mine oj?
(24:13 / Allies) RingOfFire: teal can you spot him I'm mciro
(24:37 / All) DrPhiI: Thanks for the free tanks, blue.
(24:46 / Allies) Blade_Knight: can sombody give me 200 gold pls for a mine?
(25:40 / All) DrPhiI: It's not over until I say so.
(25:54 / All) DrPhiI: These faggots think they've lost. Those other faggots think they've won.
(26:02 / All) DrPhiI: It is not victory until I give you permission.
(26:07 / All) ICouldOwnYou: stfu ?
(27:16 / All) ICouldOwnYou: and ?
(27:24 / All) DrPhiI: It isn't over yet, faggot.
(27:29 / All) DrPhiI: I have 4k banked how about you?
(27:36 / All) ICouldOwnYou: 3k ?
(27:38 / All) ComeAliveAtNite: lol
(29:25 / Allies) RingOfFire: I want that expo red
(29:34 / Allies) Blade_Knight: i need an xpo
(29:36 / Allies) RingOfFire: I need it
(29:42 / Allies) Blade_Knight: no u dont
(29:47 / Allies) Blade_Knight: i have no gold
(30:01 / Allies) RingOfFire: take bottom middle
(30:03 / Allies) RingOfFire: I got htat one
(30:10 / Allies) Blade_Knight: u see something down there?
(30:13 / Allies) RingOfFire: clear it
(30:25 / Allies) RingOfFire: Out of my way, man
(30:48 / Allies) RingOfFire: Move or I will mvoe you
(30:55 / Allies) RingOfFire: You clear bottom middle
(30:57 / Allies) RingOfFire: This one is mine
(31:08 / Allies) RingOfFire: I'm not playing any longer
(31:10 / Allies) RingOfFire: Move or be moved
(31:34 / Allies) Blade_Knight: wow oj is really gay
(31:40 / Allies) RingOfFire: I warned you
(31:49 / All) DrPhiI: flying machines are bad vs ud btw
(31:51 / Allies) Blade_Knight: dude you have 3 fucking mines screw you
(32:00 / All) DrPhiI: not sure if you knew that
(32:04 / Allies) RingOfFire: You ain't using the gold for anything worthwhile
(32:07 / 9) DrPhiI: he is awful lol
(32:18 / All) Blade_Knight: oj is really fucking stupid, kills my hall and all my units... he has 4 fucking mines... and 12k gold
(32:25 / All) RingOfFire: I warned yo ubuddy
(32:27 / All) Blade_Knight: hes massing griffs btw
(32:28 / All) RingOfFire: Don't play a victim
(32:30 / All) DrPhiI: It isn't over until I say so. I told you this already.
(32:33 / All) Blade_Knight: get some bats and you win
(32:58 / All) Blade_Knight: leave blue alone, he has no mine or units
(33:03 / All) Blade_Knight: pointless to try and kill him
(34:00 / Allies) ICouldOwnYou: some gold plz orange
(34:31 / All) RingOfFire: RED IS A TK!
(34:39 / All) DrPhiI: Then kill him.
(34:43 / All) DrPhiI: Send his soul flying to the Outer Realms.
(34:47 / All) Blade_Knight: haha w/e you been killing me all game anyway
(34:56 / All) DrPhiI: yeah, and here I come to do it again.
(35:01 / All) RingOfFire: What a horrific stretching of hte truth
(35:06 / All) Blade_Knight: no i'm talking about oj
(35:07 / All) RingOfFire: I took my expansion from you
(35:11 / All) RingOfFire: I gave you plenty of warning to move
(35:14 / All) Blade_Knight: go ahead and kill my base
(35:39 / All) Blade_Knight: mass gryo and griffs is what we have left
(35:41 / All) RingOfFire: Stop being a sniveling bitch
(35:51 / All) RingOfFire: and man up and accept responsiblity for getting asspounded
(36:12 / All) Blade_Knight: that's what you get for killing my xpo because 15k gold isn't enough for u and then killing my units.. :)
(36:29 / All) RingOfFire: All I hear is an hysterical bitch crying over nothing
(36:34 / All) RingOfFire: Boohoo he took HIS expansion
(36:40 / All) RingOfFire: his RIGHTFUL expansion
(36:54 / All) DrPhiI: Again, teal
(36:57 / All) Blade_Knight: wow when i didn't think you could become anymore retarded....
(36:59 / All) DrPhiI: gyros don't work vs ud
(37:08 / All) ICouldOwnYou: xd
(37:31 / All) DrPhiI: watch a pro game sometime. gyros terrible vs ud
(37:36 / All) DrPhiI: go breakers against this composition
(37:38 / All) DrPhiI: and I couldn't do shit
(38:13 / All) DrPhiI: FUCK
(38:13 / All) DrPhiI: OUT
(38:13 / All) DrPhiI: GET
(38:14 / All) DrPhiI: TEH
(38:15 / All) DrPhiI: FUCK
(38:16 / All) DrPhiI: OUT
(38:38 / All) Blade_Knight: now you only have to beat oj, teal has no cash
(38:46 / All) DrPhiI: orange is on my team.
(38:52 / All) DrPhiI: have you still not figured it out?
(38:56 / All) DrPhiI: I TOLD YOU. IT IS NOT OVER UNTIL I SAY SO.
(38:57 / All) Blade_Knight: i don't care lol
(39:08 / All) Blade_Knight: doesn't matter to me
(39:16 / Allies) mtldemolition: no
(39:31 / All) DrPhiI: No, because he's on my team
(39:35 / All) DrPhiI: I was helping him kill the heroes
(39:37 / Allies) ICouldOwnYou: omg
(39:40 / Allies) ICouldOwnYou: they are so stupid
(39:46 / Allies) Blade_Knight: no shit lol
(40:20 / All) DrPhiI: Nice try on my hall, green.
(40:25 / All) DrPhiI: You could not kill it if you wanted to.
(41:17 / All) DrPhiI: Standoff?
(41:30 / All) DrPhiI: ALRIGHT LISTEN UP HERE'S THE PLAN
(41:34 / All) DrPhiI: ORANGE AND I ARE COMRADES
(41:37 / All) DrPhiI: WE WILL KILL EVERYTHING
(41:40 / All) DrPhiI: INCLUDING OUR OWN STUFF
(41:42 / All) DrPhiI: AND LEAVE NO UNITS
(41:45 / All) DrPhiI: ONLY 2 BUILDINGS
(41:47 / All) DrPhiI: LAST ONE TO LEAVE WINS
(41:49 / All) DrPhiI: BEST INTERNET WINS
(41:50 / All) DrPhiI: SOUND FAIR?
(41:59 / All) DrPhiI: WILL ALL OF YOU BE WILLING TO LEAVE YOUR COMPUTERS ON ALL NIGHT?
(42:01 / All) DrPhiI: FOR THE WIN?
(42:01 / All) ComeAliveAtNite: u r joking...
(42:11 / All) DrPhiI: WE ARE 100 PER CENT CEREAL.
(42:19 / All) ComeAliveAtNite: joking right?
(42:23 / All) ComeAliveAtNite: seriously
(42:26 / All) ComeAliveAtNite: wow
(42:38 / All) ComeAliveAtNite: have fun buddy
(42:39 / All) DrPhiI: WILL YOU BE WILLING TO LEAVE YOUR COMPUTER ON ALL NIGHT?
(42:46 / All) ComeAliveAtNite: u obviously have no life
(42:50 / All) ComeAliveAtNite: sry
(43:26 / All) RingOfFire: green's gotta lose
(43:29 / All) RingOfFire: sorry about your luck grene
(43:38 / All) DrPhiI: YOU WILL LOSE ALL, GREEN
(43:40 / All) RingOfFire: You only have to unsummon right
(43:41 / All) DrPhiI: HAHAHAHA FUCKING HILARIOUS
(43:44 / All) DrPhiI: YES
(43:53 / All) DrPhiI: Every last building left my side is UD.
(44:00 / All) DrPhiI: Allies have 0 food, 0 buildings.
(44:08 / All) RingOfFire: Green did you ahve fun tonight
(44:13 / All) RingOfFire: I had a blast
(44:22 / All) DrPhiI: This was a fun game
(44:27 / All) DrPhiI: I enjoyed going UD for a change
(44:46 / All) RingOfFire: I'll upload for the exchange between red and I
(45:01 / All) DrPhiI: k
(45:12 / 9) DrPhiI: I thought green is on your team?
(45:15 / 9) DrPhiI: oh duh, nvm
(45:18 / 9) DrPhiI: he was the raider clown
(45:24 / All) RingOfFire: yeah
(45:25 / 9) DrPhiI: 1 sec
(45:36 / 9) DrPhiI: only my master necro and master banshee finishing
(46:05 / 9) DrPhiI: yeah I am now
(46:45 / All) RingOfFire: I love typing on this keyboard
(46:49 / All) RingOfFire: but I make a lot of typos
(46:51 / All) DrPhiI: Mechanical keyboards rape
(46:53 / All) DrPhiI: They are amazing
(46:54 / All) RingOfFire: yeah
(47:06 / All) RingOfFire: in a few weeks I should get familiar with it and make a lot less typos
(47:10 / All) DrPhiI: All my stuff is unsummoning
(47:12 / All) RingOfFire: I love hte noises
(47:15 / All) DrPhiI: should be 100% tech unless I fucked up